[Event "Titled Tuesday Blitz August 08 Early 2023"]
[White "Remizov, Yaroslav"]
[Black "Sarana, Alexey"]
[WhiteFideId "34134015"]
[BlackFideId "24133795"]
[WhiteElo "2822"]
[BlackElo "3086"]
[Result "1-0"]
[Round "7"]
[TimeControl "180+1"]
[Date "2023.08.08"]
[WhiteClock "0:00:34"]
[BlackClock "0:00:03"]
[Board "8"]

1. e4 e5 2. Nf3 Nc6 3. Bc4 Bc5 4. c3 Nf6 5. d4 exd4 6. e5 d5 7. Bb5 Ne4 8. cxd4 Bb6 9. Nc3 O-O 10. Be3 Bg4 11. h3 Bh5 12. Qc2 Bg6 13. Qb3 Ne7 14. O-O c6 15. Bd3 Nd2 16. Nxd2 Bxd3 17. Rfe1 Bg6 18. Na4 Nf5 19. Nf3 f6 20. exf6 Qxf6 21. Nxb6 axb6 22. Qxb6 Bh5 23. Ne5 Nxe3 24. fxe3 Qf2+ 25. Kh2 Bf3 26. Nxf3 Rxf3 27. Qxb7 Raf8 28. Qxc6 Qg3+ 29. Kh1 R3f5 30. e4 Rg5 31. Re2 h6 32. exd5 Rgf5 33. Qe6+ Kh8 34. Rg1 R5f6 35. Qe5 Qh4 36. d6 Rf5 37. Qe7 Qxd4 38. d7 Rf1 39. Qxf8+ Rxf8 40. Re8 Qxd7 41. Rxf8+ Kh7 42. Rf2 Qd4 43. Rgf1 h5 44. a3 g5 45. Rf7+ Kg8 46. R7f5 Qe3 47. b4 h4 48. b5 g4 49. hxg4 h3 50. R5f3 hxg2+ 51. Kxg2 Qe2+ 52. R1f2 Qxb5 53. Kh3 Qc6 54. Rf8+ Kg7 55. R2f7+ Kg6 56. Rf6+ Kg5 57. Rf5+ Kg6 58. R8f6+ 1-0


[Site "https://www.chess.com"]

[Event "Titled Tuesday Blitz August 08 Early 2023"]
[White "Mitrabha, Guha"]
[Black "Paravyan, David"]
[WhiteFideId "5057000"]
[BlackFideId "4194985"]
[WhiteElo "2818"]
[BlackElo "3030"]
[Result "1/2-1/2"]
[Round "7"]
[TimeControl "180+1"]
[Date "2023.08.08"]
[WhiteClock "0:00:04"]
[BlackClock "0:00:05"]
[Board "9"]

1. Nf3 Nf6 2. c4 e6 3. g3 d5 4. Bg2 Be7 5. O-O O-O 6. b3 c5 7. Bb2 Nc6 8. cxd5 exd5 9. d4 Ne4 10. dxc5 Bxc5 11. Nbd2 Qe7 12. Rc1 Rd8 13. e3 Bg4 14. h3 Bh5 15. Qe2 Rac8 16. Rfd1 Bb6 17. Nf1 a6 18. Ba1 f6 19. g4 Bf7 20. N3d2 Nxd2 21. Rxd2 d4 22. exd4 Qxe2 23. Rxe2 Nxd4 24. Bxd4 Bxd4 25. Rxc8 Rxc8 26. Bxb7 Rc3 27. Bxa6 Rxh3 28. Rd2 Bb6 29. Rd6 Ba5 30. Ng3 Rh4 31. Be2 h5 32. Ra6 Bc3 33. Ra8+ Kh7 34. Bd3+ g6 35. gxh5 Bd4 36. Rd8 Rf4 37. Ne4 Be5 38. Rd7 Kg8 39. hxg6 Bxg6 40. Nc5 Rg4+ 41. Kf1 Bf7 42. Be4 Rh4 43. Ke2 Kf8 44. Bd5 Bh5+ 45. Bf3 Ke8 46. Bxh5+ Rxh5 47. Rd5 Rh1 48. Nd3 Bc7 49. Rc5 Kd7 50. Rc1 Rh5 51. a4 Bd6 52. b4 Rh4 53. Rb1 Re4+ 54. Kd2 Kc6 55. Rc1+ Kb7 56. Kc3 Re2 57. Re1 Ra2 58. a5 Kc6 59. Re6 f5 60. Rf6 f4 61. Rf5 Kd7 62. Kc4 Ke6 63. Rh5 Rc2+ 64. Kd4 f3 65. Ke3 Rc4 66. Rb5 Rc3 67. a6 Bc7 68. Rb7 Kd6 69. a7 Ra3 70. Kd4 Rxa7 71. Rxa7 Bb6+ 72. Ke4 Bxa7 73. Kxf3 Kd5 74. Ke2 Ke4 75. f3+ Kd4 76. Kd2 Bb6 77. Kc2 Kc4 78. Kd2 Bd4 79. f4 Bb6 80. Ke2 Bd4 81. f5 Bf6 82. Ke3 Kd5 83. b5 Bd8 84. Kf4 Kc4 85. Ne5+ Kxb5 86. Nf7 Bf6 87. Ne5 Bd8 88. Ke4 Kc5 89. Nf7 Bf6 90. Nh6 Kd6 91. Ng4 Ba1 92. Kf4 Bb2 93. Kg5 Ke7 94. Kg6 Ba1 95. Ne3 Bb2 96. Nd5+ Kd6 97. Nf4 Ke7 98. Ng2 Ba1 99. Ne3 Bb2 100. Nd5+ Kd6 101. Nb6 Ba1 102. Kf7 Ke5 103. Kg6 Kd6 104. Kg5 Ke7 105. Kg6 Kd6 1/2-1/2


[Site "https://www.chess.com"]

[Event "Titled Tuesday Blitz August 08 Early 2023"]
[White "Andreikin, Dmitry"]
[Black "Ashraf, Artin"]
[WhiteFideId "4158814"]
[BlackFideId "22514805"]
[WhiteElo "2997"]
[BlackElo "2810"]
[Result "1-0"]
[Round "7"]
[TimeControl "180+1"]
[Date "2023.08.08"]
[WhiteClock "0:00:32"]
[BlackClock "0:00:00"]
[Board "10"]

1. d4 a6 2. Bf4 Nf6 3. e3 d5 4. Nd2 c5 5. c3 Nc6 6. Ngf3 Bg4 7. h3 Bh5 8. g4 Bg6 9. dxc5 Ne4 10. b4 Nxc3 11. Qb3 Ne4 12. Rd1 e6 13. Ne5 Be7 14. Bg2 Nxe5 15. Bxe5 Nxd2 16. Rxd2 O-O 17. O-O b6 18. e4 bxc5 19. exd5 cxb4 20. d6 Bg5 21. f4 Bh4 22. d7 Ra7 23. Rfd1 f6 24. Bb8 1-0


[Site "https://www.chess.com"]

[Event "Titled Tuesday Blitz August 08 Early 2023"]
[White "Krzyzanowski, Marcin"]
[Black "Kramnik, Vladimir"]
[WhiteFideId "1132199"]
[BlackFideId "4101588"]
[WhiteElo "2800"]
[BlackElo "2994"]
[Result "0-1"]
[Round "7"]
[TimeControl "180+1"]
[Date "2023.08.08"]
[WhiteClock "0:00:00"]
[BlackClock "0:00:16"]
[Board "11"]

1. e4 c5 2. Nf3 e6 3. d4 cxd4 4. Nxd4 Nf6 5. Nc3 Nc6 6. a3 Be7 7. Nxc6 bxc6 8. e5 Nd5 9. Ne4 O-O 10. c4 f5 11. Nd6 Bxd6 12. exd6 Nf6 13. Be2 c5 14. O-O Bb7 15. Be3 Rc8 16. b4 Ne4 17. f4 Qf6 18. Qd3 Rc6 19. bxc5 Nxc5 20. Bxc5 Rxc5 21. Rad1 Rfc8 22. Qe3 Ba6 23. Rc1 h6 24. Rc3 Kh7 25. Rfc1 e5 26. fxe5 Rxe5 27. Qf2 Qxd6 28. c5 Qc6 29. Bxa6 Qxa6 30. Qd4 Qe6 31. Rf1 Re8 32. Rcf3 Rc8 33. Rc3 Rc6 34. h3 a6 35. Qf2 d6 36. Rfc1 dxc5 37. Rxc5 Rcxc5 38. Rxc5 Re1+ 39. Kh2 Qd6+ 40. g3 Re5 41. Rxe5 Qxe5 42. h4 Qe4 43. Qc5 f4 44. Qf2 f3 45. g4 Qf4+ 46. Kh3 h5 47. Qg3 Qxg3+ 48. Kxg3 hxg4 49. h5 Kh6 0-1


[Site "https://www.chess.com"]

[Event "Titled Tuesday Blitz August 08 Early 2023"]
[White "Kumsiashvili, Nikoloz"]
[Black "Demidov, Mikhail"]
[WhiteFideId "13600621"]
[BlackFideId "4197143"]
[WhiteElo "2758"]
[BlackElo "2960"]
[Result "0-1"]
[Round "7"]
[TimeControl "180+1"]
[Date "2023.08.08"]
[WhiteClock "0:00:05"]
[BlackClock "0:01:14"]
[Board "12"]

1. Nf3 g6 2. d4 Bg7 3. c4 d6 4. Nc3 e5 5. dxe5 dxe5 6. Qxd8+ Kxd8 7. Bd2 Be6 8. O-O-O Ke8 9. Nd5 Na6 10. Ng5 Bxd5 11. cxd5 Nc5 12. e4 Bh6 13. f3 f6 14. Ne6 Nxe6 15. Bxh6 Nxh6 16. dxe6 Rd8 17. Bc4 Ke7 18. g3 Rxd1+ 19. Rxd1 Rd8 20. Rxd8 Kxd8 21. Kd2 Ke7 22. f4 exf4 23. gxf4 f5 24. e5 Ng4 25. h4 Nf2 26. b4 c6 27. Ke3 Ne4 28. a3 Ng3 29. Kf3 Nh5 30. Ke3 Ng7 31. Kd4 b6 32. a4 Nxe6+ 33. Bxe6 Kxe6 34. a5 h6 35. Kc4 g5 36. hxg5 hxg5 37. fxg5 Kxe5 38. a6 f4 39. g6 Kf6 40. g7 Kxg7 41. b5 cxb5+ 42. Kxb5 f3 43. Kc6 f2 44. Kb7 f1=Q 45. Kxa7 b5 0-1


[Site "https://www.chess.com"]

[Event "Titled Tuesday Blitz August 08 Early 2023"]
[White "Alex_Sahakyan2006"]
[Black "Alekseev, Evgeny"]
[BlackFideId "4138147"]
[WhiteElo "2731"]
[BlackElo "2947"]
[Result "0-1"]
[Round "7"]
[TimeControl "180+1"]
[Date "2023.08.08"]
[WhiteClock "0:00:04"]
[BlackClock "0:01:02"]
[Board "13"]

1. d4 Nf6 2. c4 e6 3. Nf3 d5 4. Nc3 Bb4 5. Qa4+ Nc6 6. a3 Bxc3+ 7. bxc3 h6 8. e3 O-O 9. Qc2 Na5 10. cxd5 exd5 11. Bd3 Be6 12. O-O Rc8 13. a4 Re8 14. Rb1 c6 15. Ba3 Qc7 16. Ne5 Ne4 17. c4 f6 18. Ng6 Bf7 19. cxd5 cxd5 20. Qxc7 Rxc7 21. Nf4 Nc4 22. Bxc4 dxc4 23. Rfc1 c3 24. Rc2 Rec8 25. Ne2 Bc4 26. Rbc1 Bb3 27. f3 Bxc2 28. Rxc2 Nd2 29. Bd6 Rc4 30. a5 b5 31. Bc5 b4 32. Kf2 Nb3 33. Bxa7 Nxa5 34. Bb6 b3 35. Bxa5 bxc2 36. Ke1 Ra8 37. Bxc3 Rxc3 38. Nxc3 c1=Q+ 0-1


[Site "https://www.chess.com"]

[Event "Titled Tuesday Blitz August 08 Early 2023"]
[White "Csonka, Balazs"]
[Black "Indjic, Aleksandar"]
[WhiteFideId "742910"]
[BlackFideId "911925"]
[WhiteElo "2729"]
[BlackElo "2935"]
[Result "0-1"]
[Round "7"]
[TimeControl "180+1"]
[Date "2023.08.08"]
[WhiteClock "0:00:00"]
[BlackClock "0:00:21"]
[Board "14"]

1. d4 Nf6 2. c4 e6 3. Nf3 c5 4. d5 d6 5. Nc3 exd5 6. cxd5 g6 7. Bf4 Bg7 8. Qa4+ Bd7 9. Qb3 O-O 10. Bxd6 Ba4 11. Qxa4 Qxd6 12. Rd1 a6 13. e3 Nbd7 14. Be2 Rfe8 15. O-O b5 16. Qc2 c4 17. a3 Rac8 18. h3 Nc5 19. Nd4 Nfd7 20. Nc6 Ne5 21. Nxe5 Bxe5 22. Bg4 f5 23. Bf3 Kg7 24. Ne2 Nd3 25. Nc3 Qf6 26. d6 Bxd6 27. Be2 Qe5 28. g3 Nxf2 29. Rxf2 Qxg3+ 30. Rg2 Qxe3+ 31. Kf1 Bc5 32. Rd7+ Kh8 33. Nd1 Qxh3 34. Qc3+ Qxc3 35. Nxc3 Rcd8 36. Rc7 Bd4 37. Rh2 Bg7 38. a4 b4 39. Nd1 Rc8 40. Rxc8 Rxc8 41. Ne3 c3 42. bxc3 Rxc3 43. Nd5 Rc1+ 44. Kf2 b3 45. Bd3 b2 0-1


[Site "https://www.chess.com"]

[Event "Titled Tuesday Blitz August 08 Early 2023"]
[White "Sjugirov, Sanan"]
[Black "Skliarov, Viktor"]
[WhiteFideId "4189302"]
[BlackFideId "14106736"]
[WhiteElo "2930"]
[BlackElo "2704"]
[Result "1-0"]
[Round "7"]
[TimeControl "180+1"]
[Date "2023.08.08"]
[WhiteClock "0:00:07"]
[BlackClock "0:00:01"]
[Board "15"]

1. e4 c5 2. Nf3 Nc6 3. Bb5 e6 4. Bxc6 bxc6 5. b3 Ne7 6. d3 Ng6 7. h4 h5 8. Bb2 f6 9. e5 Be7 10. g3 fxe5 11. Nxe5 Nxe5 12. Bxe5 d6 13. Bxg7 Rh7 14. Bb2 e5 15. Nd2 Bg4 16. f3 Be6 17. Qe2 Qd7 18. O-O-O O-O-O 19. Rde1 Rg8 20. Rhg1 Rhg7 21. Qf2 Bd5 22. f4 Qf5 23. Qh2 exf4 24. Bxg7 Rxg7 25. gxf4 Rxg1 26. Rxg1 Qf6 27. Qh3+ Kc7 28. Qh2 Qa1+ 29. Nb1 Bf6 30. c4 Bf3 31. Qd2 Bd4 32. Re1 Bg4 33. Qa5+ Kd7 34. Qxa7+ Kd8 35. Qa8+ Kd7 36. Qe8+ Kc7 37. Re7+ Kb6 38. Qb8+ 1-0


[Site "https://www.chess.com"]

[Event "Titled Tuesday Blitz August 08 Early 2023"]
[White "Zakhartsov, Vladimir"]
[Black "Iskusnyh, Sergei"]
[WhiteFideId "4145097"]
[BlackFideId "4120027"]
[WhiteElo "2917"]
[BlackElo "2656"]
[Result "1-0"]
[Round "7"]
[TimeControl "180+1"]
[Date "2023.08.08"]
[WhiteClock "0:00:07"]
[BlackClock "0:00:00"]
[Board "16"]

1. d4 d5 2. c4 c6 3. Nf3 Nf6 4. Nc3 e6 5. Qd3 Nbd7 6. e4 dxe4 7. Nxe4 Nxe4 8. Qxe4 Bb4+ 9. Bd2 Qa5 10. Bd3 Bxd2+ 11. Nxd2 Nf6 12. Qe2 c5 13. dxc5 Qxc5 14. O-O Bd7 15. a3 Bc6 16. Nf3 Bxf3 17. Qxf3 Qc7 18. b4 O-O 19. Rfd1 Rfd8 20. Bf1 b6 21. g3 Rxd1 22. Rxd1 Rc8 23. Qd3 g6 24. Qd4 Qe7 25. h4 h5 26. Qe5 Ng4 27. Qf4 Rd8 28. Be2 Rxd1+ 29. Bxd1 Nf6 30. Bf3 e5 31. Qe3 e4 32. Bg2 Qe5 33. c5 bxc5 34. bxc5 Qa1+ 35. Bf1 Qb2 36. c6 Qc2 37. Bb5 Ng4 38. Qf4 e3 39. fxe3 Qc5 40. c7 Nxe3 41. c8=Q+ Qxc8 42. Qxe3 Qc2 43. Bf1 Qb1 44. Qxa7 Qb3 45. Kh2 Qb2+ 46. Bg2 Kg7 47. a4 Qe5 48. Qf2 Qc3 49. Qa2 Qa5 50. Qb2+ Kh7 51. Qb3 f5 52. Qb7+ 1-0


[Site "https://www.chess.com"]

[Event "Titled Tuesday Blitz August 08 Early 2023"]
[White "Gholami Orimi, Mahdi"]
[Black "Thecourseoisildur"]
[WhiteFideId "12558486"]
[WhiteElo "2904"]
[BlackElo "2610"]
[Result "1-0"]
[Round "7"]
[TimeControl "180+1"]
[Date "2023.08.08"]
[WhiteClock "0:00:36"]
[BlackClock "0:00:01"]
[Board "17"]

1. d4 Nf6 2. c4 g6 3. g3 Bg7 4. Bg2 O-O 5. Nc3 d6 6. Nf3 Nc6 7. O-O e5 8. dxe5 dxe5 9. Bg5 h6 10. Qxd8 Rxd8 11. Bxf6 Bxf6 12. Nd5 Kg7 13. Nxc7 Rb8 14. e4 Be6 15. Nd5 Be7 16. Rfd1 Bc5 17. a3 a5 18. Rab1 Bg4 19. h3 Bxf3 20. Bxf3 Nd4 21. Rd3 a4 22. Bd1 b5 23. cxb5 Nxb5 24. Bxa4 Nxa3 25. Rc1 Rdc8 26. Rdc3 Bxf2+ 27. Kxf2 Rxb2+ 28. Kf3 Rxc3+ 29. Rxc3 Ra2 30. Nb4 Ra1 31. Bc6 Nb1 32. Rd3 Ra5 33. Bd5 Rc5 34. Nc6 Kf6 35. Nb8 Ke7 36. Nc6+ Kf6 37. h4 Nc3 38. Kg2 Nb5 39. Rf3+ Kg7 40. Rxf7+ Kh8 41. Ne7 Nd6 42. Nxg6+ Kg8 43. Rd7+ Nf7 44. Bxf7+ Kg7 45. h5 Rc2+ 46. Kh3 Rc1 47. Kg4 Rf1 48. Bd5+ Kf6 49. Rf7# 1-0


[Site "https://www.chess.com"]

[Event "Titled Tuesday Blitz August 08 Early 2023"]
[White "Baskakov, Egor"]
[Black "Martins, Bruno Andre Leite"]
[WhiteFideId "24197866"]
[BlackFideId "1942255"]
[WhiteElo "2882"]
[BlackElo "2578"]
[Result "1-0"]
[Round "7"]
[TimeControl "180+1"]
[Date "2023.08.08"]
[WhiteClock "0:00:38"]
[BlackClock "0:00:00"]
[Board "18"]

1. e4 c5 2. Nf3 Nc6 3. Nc3 e5 4. Nd5 d6 5. c3 Be7 6. d4 cxd4 7. cxd4 Nf6 8. dxe5 dxe5 9. Nxf6+ Bxf6 10. Qxd8+ Bxd8 11. Bc4 O-O 12. Be3 Bg4 13. O-O Bxf3 14. gxf3 Bb6 15. Rfd1 Nd4 16. Bxd4 Bxd4 17. Rac1 Rac8 18. Bd5 b6 19. b3 g5 20. Kf1 Kg7 21. Ke2 Kf6 22. a4 h5 23. h3 Rc5 24. Rc4 a5 25. Rdc1 Ke7 26. Rg1 f6 27. Rgc1 Rfc8 28. Rxc5 Bxc5 29. Rc2 Rh8 30. Rc1 Kf8 31. Rd1 Ke7 32. Bc4 Bd4 33. Rc1 Kd6 34. Bd5 Bc5 35. Rd1 Ke7 36. Bc4 Rc8 37. Ba6 Rc7 38. Bc4 Bd4 39. Rc1 Kd6 40. Rc2 Rg7 41. Bd5 Bc5 42. Rc1 f5 43. Rg1 g4 44. hxg4 fxg4 45. fxg4 hxg4 46. Rg3 Rg6 47. f3 gxf3+ 48. Kxf3 Rf6+ 49. Kg4 Rf4+ 50. Kh5 Bd4 51. Rg4 1-0


[Site "https://www.chess.com"]

[Event "Titled Tuesday Blitz August 08 Early 2023"]
[White "GaiozNigalidze"]
[Black "Timofeev, Artyom"]
[BlackFideId "4140419"]
[WhiteElo "2390"]
[BlackElo "2843"]
[Result "0-1"]
[Round "7"]
[TimeControl "180+1"]
[Date "2023.08.08"]
[WhiteClock "0:00:05"]
[BlackClock "0:00:08"]
[Board "19"]

1. c4 Nf6 2. Nf3 g6 3. g3 Bg7 4. Bg2 d5 5. cxd5 Nxd5 6. O-O Nb6 7. Nc3 Nc6 8. b3 O-O 9. Bb2 Bd7 10. d3 Qc8 11. Re1 Bh3 12. Bh1 h6 13. Qd2 Rd8 14. Ne4 Bxb2 15. Qxb2 Bf5 16. Nc5 Nd7 17. Nxb7 Qxb7 18. Nd4 Ndb8 19. Rac1 Rd6 20. Nxc6 Nxc6 21. e4 Bd7 22. e5 Rxd3 23. e6 fxe6 24. Qc2 Qb5 25. Bxc6 Bxc6 26. Qxc6 Qxc6 27. Rxc6 Rd6 28. Rxc7 Kf7 29. Re4 a5 30. Rf4+ Ke8 31. Ra4 Rd5 32. h4 Ra6 33. Rc8+ Kd7 34. Rg8 e5 35. Rc4 Rd1+ 36. Kg2 Rd2 37. Rcc8 Rxa2 38. Rcd8+ Kc7 39. Rc8+ Kd7 40. Rcd8+ Kc7 41. Rde8 Re6 42. Rc8+ Kb6 43. Rb8+ Kc5 44. Rgc8+ Kd4 45. Rd8+ Rd6 46. Re8 Rd7 47. Rb6 e4 48. Rxg6 e3 49. Re6 Rxf2+ 50. Kg1 Rf7 51. Rc8 Kd3 52. Rc4 Rd5 53. Rce4 Rf3 54. Kg2 Rdf5 55. Rxe7 Rf2+ 56. Kh3 e2 57. R4e6 Kd2 58. Rd6+ Ke1 59. Rc7 Kf1 60. Rc1+ e1=Q 61. Rxe1+ Kxe1 62. h5 Rxh5+ 0-1


[Site "https://www.chess.com"]

[Event "Titled Tuesday Blitz August 08 Early 2023"]
[White "Rosenberg, Evan S"]
[Black "Bluebaum, Matthias"]
[WhiteFideId "2019299"]
[BlackFideId "24651516"]
[WhiteElo "2453"]
[BlackElo "3030"]
[Result "0-1"]
[Round "7"]
[TimeControl "180+1"]
[Date "2023.08.08"]
[WhiteClock "0:00:01"]
[BlackClock "0:02:20"]
[Board "20"]

1. d4 d5 2. Nf3 e6 3. g3 Nf6 4. Bg2 Bd6 5. O-O O-O 6. c4 Nc6 7. Nc3 dxc4 8. e4 e5 9. Bg5 h6 10. Bxf6 Qxf6 11. d5 Na5 12. Rc1 Bd7 13. Nd2 b5 14. Qe2 Nb7 15. b3 b4 16. Na4 c3 17. Nc4 Bb5 18. Qe3 Qe7 19. Rfd1 Bxc4 20. bxc4 Nc5 21. Nxc3 bxc3 22. Rxc3 Rab8 23. h4 Rb6 24. Ra3 a6 25. Ra5 Rfb8 26. Bf1 Rb2 27. Kg2 h5 28. Be2 g6 29. Bf3 Rc2 30. Rc1 Rbb2 31. Rxc2 Rxc2 32. Qh6 Nd3 0-1


[Site "https://www.chess.com"]

[Event "Titled Tuesday Blitz August 08 Early 2023"]
[White "Rasulov, Vugar"]
[Black "Kamsky, Gata"]
[WhiteFideId "13402390"]
[BlackFideId "2000024"]
[WhiteElo "2822"]
[BlackElo "2958"]
[Result "1-0"]
[Round "7"]
[TimeControl "180+1"]
[Date "2023.08.08"]
[WhiteClock "0:00:04"]
[BlackClock "0:00:00"]
[Board "21"]

1. e4 e5 2. Nf3 Nc6 3. Bb5 a6 4. Ba4 Nf6 5. Bxc6 dxc6 6. d3 Nd7 7. Nbd2 Bd6 8. Nc4 O-O 9. h4 b5 10. Ne3 Nc5 11. h5 Ne6 12. Nh4 f6 13. Nhf5 Rf7 14. Qg4 Kh8 15. Bd2 c5 16. O-O-O Bf8 17. Qh4 Nd4 18. Kb1 Be6 19. f4 Bxf5 20. Nxf5 Nxf5 21. exf5 exf4 22. h6 g5 23. fxg6 hxg6 24. Bxf4 Kh7 25. Rhf1 f5 26. Qg3 Bd6 27. Rde1 Qf6 28. Qf3 Rd8 29. Bd2 Be5 30. Bc1 Qd6 31. g4 Rdf8 32. g5 Re7 33. Re2 Rfe8 34. Rfe1 c4 35. dxc4 bxc4 36. Re3 c3 37. b3 c5 38. Qe2 a5 39. a4 Qc7 40. Qc4 Bd4 41. Re6 Rxe6 42. Rxe6 Rxe6 43. Qxe6 Qb7 44. Ka2 Qe4 45. Qd7+ Kg8 46. Kb1 1-0


[Site "https://www.chess.com"]

[Event "Titled Tuesday Blitz August 08 Early 2023"]
[White "Fantastic_Power"]
[Black "Zhigalko, Sergei"]
[BlackFideId "13502956"]
[WhiteElo "2809"]
[BlackElo "2914"]
[Result "1/2-1/2"]
[Round "7"]
[TimeControl "180+1"]
[Date "2023.08.08"]
[WhiteClock "0:00:05"]
[BlackClock "0:00:03"]
[Board "22"]

1. d4 Nf6 2. c4 e6 3. Nc3 Bb4 4. e3 O-O 5. Bd3 d5 6. a3 Bxc3+ 7. bxc3 c5 8. cxd5 exd5 9. Ne2 Bg4 10. f3 Bh5 11. Nf4 Bg6 12. Nxg6 hxg6 13. O-O Nc6 14. Ra2 Re8 15. Re2 Rc8 16. Bb2 Qb6 17. Bb1 Rc7 18. Kh1 Rce7 19. Rfe1 Nh5 20. Ba2 Rd8 21. e4 Nf4 22. Rd2 cxd4 23. cxd4 dxe4 24. fxe4 Nd3 25. Rxd3 Qxb2 26. Bd5 Qb6 27. Rf1 Rdd7 28. Qg4 Qb5 29. Rdd1 Nxd4 30. h3 Nc6 31. Rf2 Ne5 32. Qg3 Qc5 33. Rdf1 Qd6 34. Qg5 b6 35. Rf6 gxf6 36. Rxf6 Qc5 37. Rxg6+ Nxg6 38. Qxg6+ Kh8 39. Qh6+ Kg8 40. Qg6+ Kh8 41. Qh6+ Kg8 42. Qg6+ 1/2-1/2


[Site "https://www.chess.com"]

[Event "Titled Tuesday Blitz August 08 Early 2023"]
[White "Klukin, Kirill"]
[Black "Zemlyanskii, Ivan"]
[WhiteFideId "24199273"]
[BlackFideId "24249971"]
[WhiteElo "2804"]
[BlackElo "2908"]
[Result "1/2-1/2"]
[Round "7"]
[TimeControl "180+1"]
[Date "2023.08.08"]
[WhiteClock "0:00:04"]
[BlackClock "0:00:10"]
[Board "23"]

1. d4 d5 2. c4 e6 3. Nc3 c6 4. Nf3 Nf6 5. e3 Nbd7 6. Qc2 Bd6 7. Bd3 dxc4 8. Bxc4 O-O 9. O-O b5 10. Be2 Bb7 11. Rd1 Qc7 12. e4 e5 13. Bg5 exd4 14. Rxd4 Ne5 15. h3 Nxf3+ 16. Bxf3 Bh2+ 17. Kh1 Be5 18. Bxf6 Bxf6 19. Nd5 Qe5 20. Nxf6+ gxf6 21. Rad1 c5 22. Rd7 Bc6 23. R7d6 Rac8 24. b3 Rfe8 25. Qd2 Kg7 26. Re1 c4 27. bxc4 bxc4 28. Rd4 Ba8 29. Re3 Rc7 30. Bg4 c3 31. Rxc3 Rxc3 32. Qxc3 Bxe4 33. Qe3 f5 34. f3 Rb8 35. Qg5+ Kh8 36. Rd8+ Rxd8 37. Qxd8+ Kg7 38. Qg5+ Kf8 39. Qd8+ Kg7 40. Qg5+ Kf8 41. fxe4 Qa1+ 42. Kh2 fxg4 43. Qd8+ Kg7 44. Qg5+ Kh8 45. Qd8+ Kg7 46. Qg5+ Kh8 47. Qd8+ Kg7 1/2-1/2


[Site "https://www.chess.com"]

[Event "Titled Tuesday Blitz August 08 Early 2023"]
[White "Sethuraman, S.P."]
[Black "Kazakouski, Valery"]
[WhiteFideId "5021596"]
[BlackFideId "13507443"]
[WhiteElo "2794"]
[BlackElo "2895"]
[Result "0-1"]
[Round "7"]
[TimeControl "180+1"]
[Date "2023.08.08"]
[WhiteClock "0:00:00"]
[BlackClock "0:00:03"]
[Board "24"]

1. d4 Nf6 2. Nc3 d5 3. Bf4 c5 4. e3 cxd4 5. exd4 a6 6. Nf3 Nc6 7. Ne5 e6 8. Be2 Qb6 9. Na4 Qd8 10. O-O Bd6 11. Nxc6 bxc6 12. Bxd6 Qxd6 13. Nb6 Rb8 14. Nxc8 Rxc8 15. Bxa6 Rb8 16. b3 Qa3 17. Bd3 O-O 18. Qc1 Ra8 19. c3 Rfc8 20. b4 Nd7 21. Qc2 g6 22. Rfb1 e5 23. dxe5 Nxe5 24. Bf1 Nd7 25. Qd2 Nb6 26. h4 c5 27. b5 Rd8 28. h5 d4 29. c4 Qc3 30. Qg5 d3 31. Qxc5 Na4 32. Qg5 d2 33. Be2 Re8 34. Bf3 Rad8 35. Bd5 Nb6 36. hxg6 Nxd5 37. gxf7+ Kxf7 38. cxd5 Re1+ 39. Kh2 Rd6 40. Qf4+ Rf6 41. Qh4 Qe5+ 42. f4 Rxf4 43. Qxh7+ Ke8 44. Qg8+ Rf8+ 45. Qg3 Qxg3+ 46. Kxg3 Rff1 0-1


[Site "https://www.chess.com"]

[Event "Titled Tuesday Blitz August 08 Early 2023"]
[White "Vokhidov, Shamsiddin"]
[Black "Cherniaiev, Tykhon"]
[WhiteFideId "14204223"]
[BlackFideId "14182360"]
[WhiteElo "2893"]
[BlackElo "2781"]
[Result "1-0"]
[Round "7"]
[TimeControl "180+1"]
[Date "2023.08.08"]
[WhiteClock "0:00:20"]
[BlackClock "0:00:01"]
[Board "25"]

1. e4 e5 2. Nf3 Nc6 3. Bb5 a6 4. Ba4 Nge7 5. d4 exd4 6. Nxd4 Ng6 7. O-O Be7 8. Nf5 Bf6 9. Nc3 O-O 10. Nd5 d6 11. Ng3 Be6 12. c3 b5 13. Bc2 Bxd5 14. exd5 Na5 15. a4 c6 16. dxc6 Nxc6 17. axb5 axb5 18. Rxa8 Qxa8 19. Qxd6 Nce5 20. Be4 Qb8 21. Qxb8 Rxb8 22. Rd1 b4 23. f4 Nc4 24. Ne2 bxc3 25. bxc3 Nf8 26. Bd5 Nb2 27. Rd2 Na4 28. c4 Ne6 29. Ra2 Nc3 30. Nxc3 Bxc3 31. Bxe6 Bd4+ 32. Kf1 fxe6 33. Ke2 Rb1 34. Rc2 e5 35. c5 exf4 36. c6 Rb8 37. Bxf4 Rc8 38. Kd3 Bb6 39. Ke4 Kf7 40. Be5 g6 41. c7 Ke7 42. Rc6 Ba5 43. Kd5 Kd7 44. Rd6+ Ke7 45. Ra6 Be1 46. Kc6 Bf2 47. Kb7 Re8 48. c8=Q Rxc8 49. Kxc8 Be3 50. h3 Bc5 51. Kc7 Be3 52. Kc6 Ke6 53. Bc3 Kf5 54. Kd5 h5 55. Rf6+ Kg5 56. Rf3 Bc1 57. Bf6+ Kh6 58. h4 Bd2 59. Ke6 Bc1 60. Rc3 Bd2 61. Rc8 g5 62. Kf5 gxh4 63. Rh8# 1-0


[Site "https://www.chess.com"]

[Event "Titled Tuesday Blitz August 08 Early 2023"]
[White "Galchenko, Matvey"]
[Black "Sychev, Klementy"]
[WhiteFideId "24175480"]
[BlackFideId "4114060"]
[WhiteElo "2881"]
[BlackElo "2771"]
[Result "1-0"]
[Round "7"]
[TimeControl "180+1"]
[Date "2023.08.08"]
[WhiteClock "0:00:24"]
[BlackClock "0:00:02"]
[Board "26"]

1. f4 d5 2. Nf3 Nf6 3. g3 e6 4. Bg2 Be7 5. O-O O-O 6. d3 c5 7. Nc3 d4 8. Ne4 Nd5 9. c4 Nf6 10. Nxf6+ Bxf6 11. e4 Nc6 12. Qe2 Be7 13. e5 Rb8 14. Nd2 Bd7 15. g4 b5 16. b3 bxc4 17. Nxc4 Nb4 18. f5 Nd5 19. f6 gxf6 20. Bh6 Re8 21. exf6 Bxf6 22. Qf2 Qe7 23. Rae1 Bh4 24. Qd2 Bxe1 25. Rxe1 Qh4 26. Re5 f6 27. Rh5 Qxg4 28. Rh3 Kh8 29. Rg3 Rg8 30. Rxg4 Rxg4 31. h3 Rg6 32. Kh2 Rbg8 33. Be4 Bc6 34. Nd6 Rd8 35. Nf7+ 1-0


[Site "https://www.chess.com"]

[Event "Titled Tuesday Blitz August 08 Early 2023"]
[White "Aradhya, Garg"]
[Black "Isanzhulov, Arystan"]
[WhiteFideId "25006746"]
[BlackFideId "13711644"]
[WhiteElo "2766"]
[BlackElo "2870"]
[Result "0-1"]
[Round "7"]
[TimeControl "180+1"]
[Date "2023.08.08"]
[WhiteClock "0:00:04"]
[BlackClock "0:00:22"]
[Board "27"]

1. d4 Nf6 2. c4 d6 3. Nf3 g6 4. Nc3 Bf5 5. Nh4 Bd7 6. e4 e5 7. Nf3 exd4 8. Nxd4 Bg7 9. Be2 O-O 10. O-O a5 11. Be3 Na6 12. f3 Nc5 13. Nb3 b6 14. Qd2 a4 15. Nxc5 bxc5 16. e5 dxe5 17. Bxc5 Bc6 18. Rad1 Qxd2 19. Rxd2 Rfb8 20. Be3 Bf8 21. Rc1 Ra5 22. Bd1 e4 23. fxe4 Ng4 24. Bf4 Bc5+ 25. Kf1 Ne3+ 26. Ke2 Nxc4 27. Bxc7 Nxd2 28. Bxb8 Nxe4 29. g3 Nxc3+ 30. Rxc3 Bb5+ 31. Kf3 Bd4 32. Rc8+ Kg7 33. b4 Ra8 34. Be2 Bd7 35. Rd8 Bc6+ 36. Kf4 g5+ 37. Kg4 Bf6 38. Rd6 Bb7 39. Rxf6 Kxf6 40. Bd6 a3 41. Bf3 h5+ 42. Kxh5 Bxf3+ 43. g4 Rh8# 0-1


[Site "https://www.chess.com"]

[Event "Titled Tuesday Blitz August 08 Early 2023"]
[White "Bernadskiy, Vitaliy"]
[Black "Nagare Kaivalya Sandip"]
[WhiteFideId "14100371"]
[BlackFideId "25957929"]
[WhiteElo "2868"]
[BlackElo "2677"]
[Result "1-0"]
[Round "7"]
[TimeControl "180+1"]
[Date "2023.08.08"]
[WhiteClock "0:00:21"]
[BlackClock "0:00:03"]
[Board "28"]

1. b3 e5 2. Bb2 Nc6 3. Nf3 e4 4. Nd4 Nf6 5. e3 d5 6. Nxc6 bxc6 7. d3 Bb4+ 8. Nd2 Ng4 9. a3 Bd6 10. dxe4 Nxe3 11. fxe3 Qh4+ 12. Ke2 Bg4+ 13. Nf3 dxe4 14. Qd4 O-O-O 15. Qxe4 Rhe8 16. Qc4 Qg5 17. Bd4 c5 18. h4 Qh6 19. Bxc5 Bf4 20. Kf2 Bxe3+ 21. Kg3 Bxf3 22. gxf3 Qg6+ 23. Kh2 Rd2+ 24. Kh3 Qf5+ 25. Qg4 Qxg4+ 26. Kxg4 Bxc5 27. Bd3 g6 28. Rae1 f5+ 29. Kg5 Be3+ 30. Kf6 Bd4+ 31. Kf7 Rxe1 32. Rxe1 Rh2 33. Bb5 Kb7 34. Re6 Rxh4 35. Ba6+ 1-0


[Site "https://www.chess.com"]